 Dungeon Crawl Stone Soup version 0.31-a0-851-g7ff8af7976 (webtiles) character file.

Game seed: 448219317679937903

476 BlueFish the Sneak (level 7, 0/46 HPs)
             Began as an Octopode Shapeshifter on Oct 6, 2023.
             Slain by a gnoll
             ... wielding a +0 halberd
             ... led by a gnoll bouda
              (7 damage)
             ... on level 4 of the Dungeon.
             The game lasted 00:07:10 (3350 turns).

BlueFish the Sneak (Octopode Shapeshifter)          Turns: 3350, Time: 00:07:10

Health: 0/46       AC:  1    Str: 21    XL:     7   Next: 10%
Magic:  7/7        EV: 14    Int: 12    God:
Gold:   116        SH:  0    Dex: 12    Spells: 6/6 levels left

rFire   . .          .
                       - Unarmed
rCold   + . .        (no shield)
rNeg    . . .        (helmet currently unavailable)
rPois   .            e - amulet of regeneration
rElec   .            d - +6 ring of strength
rCorr   .            j - ring of flight
SInv    .            w - ring of protection from cold
Will    +....        u - ring of willpower
Stlth   ++++         A - ring of wizardry
HPRegen 1.07/turn    (no ring)
MPRegen 0.10/turn    (no ring)
                     (no ring)

%: wizardry (x1)
@: beast-form, flying
A: beast (slay +2), almost no armour, amphibious, 8 rings, camouflage 1,
gelatinous body 1, (nimble swimmer 1), tentacles
a: Begin Untransformation


You were on level 4 of the Dungeon.
You were a hulking beast.
You visited 1 branch of the dungeon, and saw 4 of its levels.

You collected 116 gold pieces.

Inventory:

Missiles
 q - 3 silver javelins
 r - 7 boomerangs
Jewellery
 d - a +6 ring of strength (left tentacle)
 e - an amulet of regeneration (around mantle)
 j - a ring of flight (right tentacle)
 u - a ring of willpower (on tentacle)
 w - a ring of protection from cold (on tentacle)
 y - an amulet of the acrobat
 A - a ring of wizardry (on tentacle)
Talismans
 b - a beast talisman (active)
 c - a flux talisman
Scrolls
 f - 7 scrolls of identify {unknown}
 h - 2 scrolls of enchant weapon {unknown}
 k - 3 scrolls of immolation {unknown}
 m - a scroll of teleportation {unknown}
 n - a scroll of amnesia {unknown}
 o - a scroll of torment {unknown}
 p - a scroll of blinking {unknown}
 t - a scroll of noise {unknown}
 v - a scroll of fog {unknown}
Potions
 a - 2 potions of lignification
 g - a potion of cancellation {unknown}
 i - 2 potions of ambrosia {unknown}
 l - 3 potions of curing {unknown}
 s - a potion of berserk rage {unknown}
 x - a potion of might {unknown}
 z - a potion of heal wounds {unknown}
 B - a potion of attraction {unknown}
 C - a potion of invisibility {unknown}


   Skills:
 + Level 3.0 Fighting
 + Level 3.6 Dodging
 * Level 5.1 Stealth
 + Level 4.2 Unarmed Combat
 + Level 4.0 Shapeshifting


You had 6 spell levels left.
You didn't know any spells.
Your spell library contained the following spells:

 Spells                   Type           Power      Damage    Failure   Level
 Apportation              Tloc           0%         N/A       13%         1
 Necrotise                Necr           0%         1d4       13%         1
 Summon Small Mammal      Summ           0%         N/A       13%         1


Dungeon Overview and Level Annotations

Branches:
Dungeon (4/15)
 Temple: D:4-7

Altars:
Ru

Shops:
D:2 (

Annotations:
D:4 Ijyb, Sigmund


Innate Abilities, Weirdness & Mutations

You are a hulking beast.
Your limbs bulge with bestial killing power. (Slay +2)
You cannot wear most types of armour.
You are amphibious.
You can wear up to eight rings at the same time.
Your skin changes colour to match your surroundings (Stealth+).
Your rubbery body absorbs attacks. (AC +1, EV +1)
((You are camouflaged when in or above water. (Stealth+)))
You have tentacles for arms and can constrict up to eight enemies at once.


Message History

The gnoll is lightly wounded.
The gnoll closely misses you.
You tentacle-slap the gnoll. You grab the gnoll.
The gnoll is heavily wounded.
You constrict the gnoll. The gnoll completely misses you.
A gnoll comes into view. It is wielding a +0 spear.
The gnoll barely misses you.
You barely miss the gnoll.
The gnoll is heavily wounded.
You constrict the gnoll. The gnoll hits you with a +0 spear.
The gnoll barely misses you.
The gnoll shouts!
You tentacle-slap the gnoll.
You kill the gnoll!
Your attacks no longer feel as feeble.
The gnoll hits you from afar with a +0 halberd!
You barely miss the gnoll. You grab the gnoll. Your squeeze misses the gnoll.
You constrict the gnoll. The gnoll closely misses you.
The gnoll hits you with a +0 flail.
You tentacle-slap the gnoll.
The gnoll is heavily wounded.
You constrict the gnoll. The gnoll barely misses you. The gnoll misses you.
The gnoll closely misses you.
You tentacle-slap the gnoll but do no damage.
The gnoll is severely wounded.
You constrict the gnoll.
The gnoll hits you from afar with a +0 halberd.
The gnoll hits you with a +0 flail!
* * * LOW HITPOINT WARNING * * *
The gnoll barely misses you.
You bludgeon the gnoll!
You kill the gnoll!
The gnoll completely misses you.
The gnoll hits you from afar with a +0 spear.
* * * LOW HITPOINT WARNING * * *
Okay, then.
Okay, then.
The gnoll attacks as it pursues you!
The gnoll hits you from afar with a +0 halberd!
You die...

..............#
..............#
.#
[.............#
.#
###...........#
.#
#...........#
.# #
#........†..#
.#
############'##
.# ..######
#.########.#
.......#
#....h.g)g.#
.......#
#.########....#
.......# #†#
.#### ####...#
#.# g# # ###.#
#.# g#
#.#####.# g#
#....##.# g#
####.##.# .#
#.##.#


You could see 2 gnolls.

Vanquished Creatures
  A hound (D:4)
  2 orc priests (D:3)
  A gnoll bouda (D:4)
  Natasha (thrice) (D:2)
  4 orc wizards
  4 adders
  3 gnolls (D:4)
  2 worms
  4 dart slugs
  13 orcs
  10 ball pythons
  6 bats
  7 endoplasms
  A giant cockroach (D:4)
  3 goblins
  6 hobgoblins
  7 jackals
  7 kobolds
  4 quokkas
  3 frilled lizards
  6 rats
97 creatures vanquished.

Notes
Turn   | Place    | Note
-------+----------+-------------------------------------------
     0 | D:1      | BlueFish the Octopode Shapeshifter began the quest for the
                  | Orb.
     0 | D:1      | Reached XP level 1. HP: 13/13 MP: 1/1
   126 | D:1      | Reached XP level 2. HP: 16/18 MP: 2/2
   262 | D:1      | Reached XP level 3. HP: 23/23 MP: 3/3
   642 | D:2      | Found Voajosey's Antique Weapon Shop.
   895 | D:2      | Reached skill level 1 in Stealth
  1042 | D:2      | Noticed Natasha
  1049 | D:2      | Reached XP level 4. HP: 19/29 MP: 4/4
  1052 | D:2      | Killed Natasha
  1053 | D:2      | Reached skill level 2 in Stealth
  1067 | D:2      | Noticed Natasha
  1071 | D:2      | Killed Natasha
  1477 | D:2      | Noticed Natasha
  1481 | D:2      | Killed Natasha
  1482 | D:2      | Reached XP level 5. HP: 19/34 MP: 5/5
  1745 | D:3      | Reached skill level 3 in Stealth
  1910 | D:3      | Reached XP level 6. HP: 26/41 MP: 6/6
  1936 | D:3      | Reached skill level 4 in Stealth
  2996 | D:4      | Found a sacrificial altar of Ru.
  3124 | D:4      | Noticed Ijyb
  3154 | D:4      | Noticed Sigmund
  3339 | D:4      | Reached skill level 5 in Stealth
  3339 | D:4      | Reached XP level 7. HP: 39/46 MP: 7/7
  3350 | D:4      | Slain by a gnoll

Illustrated notes

Levels and vault maps discovered:
D:1:      mrwooster_arrival_statue_3, layout_loops_cross, st_stairs_1,
          dk_noncrumbling_4
D:2:      layout_basic, serial_shops, nicolae_shop_tiny_real_fake_doors,
          uniq_natasha
D:3:      layout_basic, nicolae_hexahallways, hangedman_decor_riveting
D:4:      layout_basic, hangedman_ru_absence, amcnicky_altar_gilded, uniq_ijyb,
          uniq_sigmund

Skill      XL: |  1  2  3  4  5  6 |
---------------+-------------------+-----
Stealth        | 1 2 3 5 |  5.1
Fighting       | 2 3 |  3.0
Dodging        | 3 |  3.6
Unarmed Combat | 4 |  4.2
Shapeshifting  | 4 |  4.0

Action                     |  1- 3 |  4- 6 |  7- 9 || total
---------------------------+-------+-------+-------++-------
  Melee: Unarmed           |    69 |   100 |     8 ||   177
         Constrict         |    23 |    32 |     2 ||    57
         Tentacles         |    11 |    27 |       ||    38
         Punch             |     3 |     1 |       ||     4
   Stab: Sleeping          |     9 |    15 |       ||    24
 Armour: Skin              |    23 |    39 |     8 ||    70
  Dodge: Dodged            |    40 |    40 |    10 ||    90

Table legend: (Time is in decaauts)
 A = Elapsed time spent in this place.
 B = Non-inter-level travel time spent in this place.
 C = Inter-level travel time spent in this place.
 D = Time resting spent in this place.
 E = Time spent auto-exploring this place.
 F = Levels seen in this place.
 G = Mean time per level.
                   A        B        C        D        E       F      G
               +--------+--------+--------+--------+--------+-----+--------+
         Total |   3334 |   3194 |    140 |     12 |   2422 |   4 |  833.5 |
       Dungeon |   3334 |   3194 |    140 |     12 |   2422 |   4 |  833.5 |
               +--------+--------+--------+--------+--------+-----+--------+

Top non-repeatable levels by time:
     D:3: 1360 daAuts
     D:2: 916 daAuts
     D:1: 573 daAuts
     D:4: 484 daAuts
